 Dungeon Crawl Stone Soup version 0.29-a0-1043-g569b05d6ff (webtiles) character file.

Game seed: 16176741823850989105

16779 KleinerIrrer the Marksant (level 12, -10/96 HPs)
             Began as a Formicid Hunter on Aug 15, 2022.
             Was a Believer of the Shining One.
             Mangled by a death scarab (19 damage)
             ... in a Gauntlet on Aug 16, 2022.
             The game lasted 00:41:12 (11889 turns).

KleinerIrrer the Marksant (Formicid Hunter)        Turns: 11889, Time: 00:41:13

Health: -10/96     AC: 10    Str: 16    XL:     12   Next: 74%
Magic:  12/12      EV: 14    Int: 10    God:    the Shining One [**....]
Gold:   520        SH: 14    Dex: 27    Spells: 11/11 levels left

rFire   . . .      SeeInvis +   d - +6 hand crossbow (freeze)
rCold   . . .      Faith    .   q - +0 buckler
rNeg    + . .      Spirit   .   f - +0 steam dragon scales
rPois   .          Reflect  .   (helmet unavailable)
rElec   .          Harm     .   (no cloak)
rCorr   .          Rampage  .   (no gloves)
Will    +....                   h - +0 pair of boots
Stlth   +.........              x - amulet of magic regeneration
HPRegen 0.26/turn               H - +6 ring of dexterity
MPRegen 0.53/turn               z - +4 ring of protection

@: mighty, divinely shielded, glowing
A: permanent stasis, dig shafts and tunnels, antennae 3, four strong arms
a: Dig, Renounce Religion, Divine Shield


You were in a Gauntlet.
You worshipped the Shining One.
The Shining One was pleased with you.
You visited 3 branches of the dungeon, and saw 13 of its levels.
You also visited: Ossuary, Bailey and Gauntlet.

You collected 818 gold pieces.
You spent 298 gold pieces at shops.

Inventory:

Hand Weapons
 a - a +0 vorpal shortbow
 d - a +6 hand crossbow of freezing (weapon)
 i - the +9 heavy crossbow "Sniper" {vorpal, Acc+∞ SInv}
   (You acquired it on level 1 of the Lair of Beasts)

   Any ammunition fired from it inflicts extra damage upon your enemies.
   Any ammunition fired from it never misses its target.
   SInv:      It lets you see invisible.
Missiles
 J - a throwing net
Armour
 f - +0 steam dragon scales (worn)
 h - a +0 pair of boots (worn)
 q - a +0 buckler (worn)
 w - a +1 chain mail of fire resistance
Jewellery
 e - a ring of resist corrosion
 x - an amulet of magic regeneration (around neck)
 z - a +4 ring of protection (right hand)
 E - a ring of willpower
 H - a +6 ring of dexterity (left hand)
 R - a ring of protection from cold
Wands
 n - a wand of polymorph (19)
 y - a wand of mindburst (18)
 I - a wand of flame (33)
 K - a wand of digging (2)
 L - a wand of iceblast (10)
 O - a wand of paralysis (10)
 P - a wand of quicksilver (2)
Scrolls
 b - 5 scrolls of immolation
 j - 3 scrolls of magic mapping
 l - a scroll of brand weapon
 p - 2 scrolls of enchant armour
 r - a scroll of amnesia {unknown}
 t - 2 scrolls of vulnerability
 v - 2 scrolls of torment {unknown}
 C - 4 scrolls of poison
 D - 3 scrolls of fear
 F - a scroll of fog
 M - a scroll of summoning {unknown}
 S - a scroll of identify
Potions
 c - 3 potions of cancellation
 g - 2 potions of might
 k - 3 potions of brilliance
 m - a potion of invisibility {unknown}
 o - 3 potions of lignification
 s - 4 potions of magic
 A - a potion of mutation
 B - 3 potions of flight {unknown}
 G - 2 potions of resistance


   Skills:
 + Level 9.5 Fighting
 + Level 16.7 Ranged Weapons
 * Level 3.6 Armour
 * Level 3.6 Dodging
 - Level 1.2 Stealth
 - Level 7.2 Shields
 - Level 0.1 Invocations


You had 11 spell levels left.
You didn't know any spells.
Your spell library contained the following spells:

 Spells                   Type           Power      Damage    Failure   Level
 Shock                    Conj/Air       0%         1d3       41%         1
 Ensorcelled Hibernation  Hex/Ice        0%         N/A       56%         2
 Static Discharge         Conj/Air       0%         3-3/arc   56%         2
 Inner Flame              Hex/Fire       0%         N/A       80%         3
 Spider Form              Tmut/Pois      0%         N/A       80%         3
 Summon Guardian Golem    Hex/Summ       0%         N/A       80%         3
 Airstrike                Air            0%         2d(0-16)  99%         4
 Anguish                  Hex/Necr       0%         N/A       99%         4
 Cause Fear               Hex            0%         N/A       99%         4
 Lightning Bolt           Conj/Air       0%         1d11      100%        5
 Enfeeble                 Hex            0%         N/A       100%        7
 Orb of Destruction       Conj           0%         9d5       100%        7
 Spellforged Servitor     Conj/Summ      0%         N/A       100%        7
 Discord                  Hex            0%         N/A       100%        8
 Maxwell's Capacitive Co  Air            0%         ∞         100%        8
 Swiftness                Air            Unusable   N/A       N/A         3

Dungeon Overview and Level Annotations

Branches:
Dungeon (9/15)             Temple (1/1) D:7            Lair (3/5) D:9
  Swamp (0/4) Lair:3       Spider (0/4) Lair:3      Ossuary (visited)
 Bailey (visited)         Gauntlet (1/1)
    Orc: D:9-12

Altars:
Ashenzari
Cheibriados
Dithmenos
Elyvilon
Fedhas
Gozag
Hepliaklqana
Kikubaaqudgha
Makhleb
Nemelex Xobeh
Okawaru
Qazlal
Ru
Sif Muna
Trog
Uskayaw
Vehumet
Wu Jian
Xom
Yredelemnul
Zin
The Shining One

Shops:
D:5 *   D:8 ?

Annotations:
D:7 3 runed translucent doors, LucemDeus's ghost, novice MiMo
Temple 2 transporters
Lair:1 3 runed translucent doors, ksawer's ghost, journeyman HuFi Gauntlet 11 transporters, exclusion: ice statue


Innate Abilities, Weirdness & Mutations

You cannot be hasted, slowed, berserked, paralysed or teleported.
You can dig through walls and to a lower floor.
You have a pair of large antennae on your head. (SInv)
Your four strong arms can wield two-handed weapons with a shield.


Message History

You partially resist.
You feel drained.
The death scarab bites you but does no damage.
Fire: d) +6 hand crossbow (freeze)
Press: ? - help, Q - select action, (/) - cycle Shift-Dir - straight line, f/p - death scarab
Aim: a death scarab (heavily damaged, haloed, 80% to hit)
You shoot a bolt. The bolt hits the death scarab!!
The bolt freezes the death scarab.
You destroy the death scarab!
The Shining One accepts your kill.
You feel better.
The spectral cane toad hits you but does no damage.
You block the spectral cane toad's attack.
Your life force feels restored.
The spectral cane toad closely misses you.
There is a transporter landing site, spattered with blood here.
You see here a death scarab corpse.
You block the spectral cane toad's attack.
The spectral cane toad attacks as you move away!
You block the spectral cane toad's attack.
The spectral cane toad attacks as you move away!
You block the spectral cane toad's attack.
The spectral cane toad hits you.
* * * LOW HITPOINT WARNING * * *
The spectral cane toad attacks as you move away!
The spectral cane toad misses you. You block the death scarab's attack.
The death scarab fails to trigger a net trap.
The death scarab barely misses you.
The death scarab's many legs skitter faintly.
You block the death scarab's attack.
The death scarab's many legs skitter faintly.
The death scarab barely misses you.
Really walk into that dispersal trap? [Y]es or [N]o only, please.
Really walk into that dispersal trap?
Okay, then.
The death scarab's many legs skitter faintly.
The death scarab waves its antennae.
You block the death scarab's attack. x2
The death scarab bites you!!
You die...

######...###########..###
©....#...##^#"©!?^^#..#
8....#...#.#|#.##..#..###
####.#...##..####.##..#8#
.#.#.#...##.^##....#..###
©...k#...###^..##^##..#
#.#.##...#.#..#Z..^#..###
####.#...#©.##.##B##..#8#
.....#.∩.#.##.#.@###..###
.....#...##..##.#..#..#
######...###########..###
©.............©.......#8#
......≈∩≈............≈###
#######################
8# #8# #8# #8# #8# #8# ##
### ### ### ### ###


You could see a spectral cane toad and a death scarab.

Vanquished Creatures
  A hydra (Lair:2)
  A two-headed ogre (D:9)
  A death scarab (Gauntlet)
  Nergalle (Lair:1)
  2 spectral death yaks (Gauntlet)
  3 oklob plants (Lair:1)
  5 black mambas
  2 cane toads
  A komodo dragon (Lair:2)
  A troll (D:9)
  A polar bear (Lair:2)
  7 blink frogs (Lair:1)
  Prince Ribbit (D:6)
  Sigmund (D:3)
  A wyvern (Lair:2)
  Eustachio (D:6)
  8 yaks
  2 basilisks
  3 steam dragons
  8 water moccasins
  9 orc warriors
  3 ice beasts
  2 ogres (D:5)
  2 black bears
  A sky beast (D:7)
  2 wolves (Lair:3)
  2 elf zombies (Ossuary)
  4 phantoms
  4 kobold brigands
  6 bullfrogs
  A gnoll sergeant (D:6)
  3 necrophages
  3 scorpions
  8 wights
  A killer bee (D:9)
  4 howler monkeys
  3 jellies
  A hound (D:5)
  A human zombie (Ossuary)
  2 orc priests
  2 gnoll boudas (D:7)
  4 iguanas
  Natasha (thrice) (D:3)
  6 orc wizards
  2 mummies (Ossuary)
  19 gnolls
  5 adders
  2 shadow imps
  A white imp (D:5)
  2 ufetubi
  3 worms
  4 dart slugs
  37 orcs
  7 ball pythons
  10 endoplasms
  6 giant cockroaches
  14 goblins
  11 hobgoblins
  27 kobolds
  2 quokkas
  5 bats
  A frilled lizard (D:1)
  2 goblin zombies (Ossuary)
  13 hobgoblin zombies (Ossuary)
  3 jackal zombies (Ossuary)
  9 kobold zombies (Ossuary)
  6 orc zombies (Ossuary)
  10 rats
  A rat zombie (Ossuary)
  A spectral hobgoblin (D:7)
331 creatures vanquished.

Vanquished Creatures (others)
  22 demonic plants (Gauntlet)
  3 fungi
  8 plants
  4 withered plants (Gauntlet)
37 creatures vanquished.

Grand Total: 368 creatures vanquished

Notes
Turn   | Place    | Note
-------+----------+-------------------------------------------
     0 | D:1      | KleinerIrrer the Formicid Hunter began the quest for the
                  | Orb.
     0 | D:1      | Reached XP level 1. HP: 16/16 MP: 1/1
   102 | D:1      | Reached XP level 2. HP: 22/22 MP: 2/2
   358 | D:1      | Reached XP level 3. HP: 27/27 MP: 3/3
   776 | D:1      | Reached skill level 5 in Ranged Weapons
  1239 | D:2      | Reached XP level 4. HP: 33/33 MP: 4/4
  1620 | D:3      | Noticed Natasha
  1625 | D:3      | Killed Natasha
  1695 | D:3      | Found a faded altar of an unknown god.
  1702 | D:3      | Noticed Natasha
  1704 | D:3      | Killed Natasha
  1705 | D:3      | Reached skill level 6 in Ranged Weapons
  1705 | D:3      | Reached XP level 5. HP: 38/38 MP: 5/5
  1723 | D:3      | Noticed Sigmund
  1736 | D:3      | Killed Sigmund
  1737 | D:3      | Reached skill level 7 in Ranged Weapons
  1737 | D:3      | Reached XP level 6. HP: 29/44 MP: 6/6
  1850 | D:3      | Found a glowing silver altar of Zin.
  1851 | D:3      | Found a bloodstained altar of Trog.
  1960 | D:3      | Noticed Natasha
  1990 | D:3      | Killed Natasha
  2635 | D:4      | Reached XP level 7. HP: 41/50 MP: 7/7
  2754 | D:4      | Reached skill level 8 in Ranged Weapons
  3363 | D:5      | Entered Level 5 of the Dungeon
  3367 | D:5      | Identified a scroll of acquirement
  3367 | D:5      | Acquired a +4 hand crossbow of freezing
  3407 | D:5      | Reached skill level 9 in Ranged Weapons
  3489 | D:5      | Reached XP level 8. HP: 56/56 MP: 8/8
  3529 | D:5      | Found Gimpu's Elemental Accessories.
  3639 | D:5      | Found a sand-covered staircase.
  3644 | Ossuary  | Entered an ossuary
  3814 | Ossuary  | Reached skill level 10 in Ranged Weapons
  4136 | D:5      | Reached skill level 11 in Ranged Weapons
  4249 | D:5      | Reached XP level 9. HP: 61/61 MP: 9/9
  4713 | D:6      | Reached skill level 12 in Ranged Weapons
  5451 | D:6      | Reached skill level 13 in Ranged Weapons
  5488 | D:6      | Noticed Prince Ribbit
  5499 | D:6      | Killed Prince Ribbit
  5693 | D:6      | Noticed Eustachio
  5719 | D:6      | Killed Eustachio
  5720 | D:6      | Reached XP level 10. HP: 64/67 MP: 10/10
  6224 | D:7      | Reached skill level 14 in Ranged Weapons
  6453 | D:7      | Found a staircase to the Ecumenical Temple.
  6461 | Temple   | Entered the Ecumenical Temple
  6461 | Temple   | Found a transporter.
  6461 | Temple   | Found a transporter.
  6463 | Temple   | Found a transporter.
  6463 | Temple   | Found a transporter.
  6479 | Temple   | Upgraded the game from 0.29-a0-1039-gfc20370e89 to
                  | 0.29-a0-1043-g569b05d6ff
  6486 | Temple   | Became a worshipper of the Shining One
  6611 | D:7      | Found a hazy altar of Hepliaklqana.
  6672 | D:7      | Found a runed translucent gate.
  6676 | D:7      | Found a runed translucent gate.
  6676 | D:7      | Found a runed translucent gate.
  6679 | D:7      | Noticed LucemDeus's ghost (novice MiMo)
  6871 | D:8      | Found Feicsew's Magic Scroll Boutique.
  6872 | D:8      | You fall into a shaft and drop 1 floor!
  6933 | D:9      | Found a flagged portal.
  6951 | D:9      | Reached * piety under the Shining One
  6960 | Bailey   | Entered a bailey
  7401 | Bailey   | Reached skill level 15 in Ranged Weapons
  7757 | Bailey   | Noticed an orc knight
  8311 | D:8      | Bought a scroll of magic mapping for 97 gold pieces
  8311 | D:8      | Bought a scroll of identify for 26 gold pieces
  8311 | D:8      | Bought a scroll of identify for 26 gold pieces
  8311 | D:8      | Bought a scroll of enchant armour for 97 gold pieces
  8311 | D:8      | Bought a scroll of fear for 52 gold pieces
  8944 | D:9      | Reached skill level 1 in Shields
  8944 | D:9      | Reached XP level 11. HP: 77/77 MP: 11/11
  8968 | D:9      | Noticed a two-headed ogre
  8971 | D:9      | Killed a two-headed ogre
  9088 | D:9      | Found a staircase to the Lair.
  9115 | D:9      | Reached skill level 5 in Fighting
  9212 | Lair:1   | Entered Level 1 of the Lair of Beasts
  9216 | Lair:1   | Acquired the +9 heavy crossbow "Sniper" {vorpal, Acc+∞
                  | SInv}
  9216 | Lair:1   | Found the +9 heavy crossbow "Sniper" {vorpal, Acc+∞ SInv}
  9230 | Lair:1   | Noticed Nergalle
  9235 | Lair:1   | Killed Nergalle
  9236 | Lair:1   | Reached skill level 16 in Ranged Weapons
  9276 | Lair:1   | Reached skill level 5 in Shields
  9384 | Lair:1   | Noticed an oklob plant
  9498 | Lair:1   | Killed an oklob plant
  9613 | Lair:1   | Noticed an oklob plant
  9613 | Lair:1   | Noticed an oklob plant
  9829 | Lair:1   | Killed an oklob plant
  9987 | Lair:1   | Killed an oklob plant
 10093 | Lair:1   | Found a runed translucent gate.
 10093 | Lair:1   | Found a runed translucent gate.
 10093 | Lair:1   | Found a runed translucent gate.
 10094 | Lair:1   | Noticed a ten-headed hydra
 10094 | Lair:1   | Noticed a 12-headed hydra
 10095 | Lair:1   | Noticed ksawer's ghost (journeyman HuFi)
 10180 | Lair:1   | Reached XP level 12. HP: 80/86 MP: 12/12
 10720 | Lair:2   | Reached skill level 1 in Armour
 10831 | Lair:2   | Noticed a six-headed hydra
 10837 | Lair:2   | Killed a six-headed hydra
 11642 | Lair:3   | Found a gate leading to a gauntlet.
 11655 | Gauntlet | Entered a Gauntlet
 11655 | Gauntlet | Reached ** piety under the Shining One
 11655 | Gauntlet | Noticed a death scarab
 11655 | Gauntlet | Found a transporter.
 11655 | Gauntlet | Found a transporter.
 11655 | Gauntlet | Found a transporter.
 11656 | Gauntlet | Found a transporter.
 11662 | Gauntlet | Found a transporter.
 11678 | Gauntlet | Found a transporter.
 11688 | Gauntlet | Found a transporter.
 11703 | Gauntlet | Found a transporter.
 11713 | Gauntlet | Found a transporter.
 11728 | Gauntlet | Found a transporter.
 11731 | Gauntlet | Found a transporter.
 11745 | Gauntlet | Noticed a quicksilver ooze
 11748 | Gauntlet | Found a transporter.
 11760 | Gauntlet | Noticed a death scarab
 11878 | Gauntlet | Killed a death scarab
 11889 | Gauntlet | Mangled by a death scarab

Illustrated notes

Levels and vault maps discovered:
D:1:      giann_wishing_wells, layout_basic
D:2:      layout_rooms, minmay_unequal
D:3:      layout_loops_cross, grunt_temple_overflow_open,
          shapermc_ecumenical_altar_mp_highgroup, grunt_decor_resistance,
          uniq_sigmund, uniq_natasha
D:4:      layout_rooms
D:5:      kb_forest_paths, layout_basic, nicolae_ossuary_entry_false_entrances,
          nicolae_elemental_shop, dreamdust_princess_bridge
D:6:      layout_basic, uniq_prince_ribbit1, uniq_eustachio
D:7:      layout_basic, nicolae_hepliaklqana_monster_ancestors,
          minmay_temple_entry_trees, gammafunk_ghost_necromancy,
          serial_park_tiny_pond
D:8:      layout_cave_pools, serial_shops, shop, minmay_crystal_room
D:9:      minmay_spotlight, layout_irregular_city, lair_entry_dummy,
          enter_bailey_5, evilmike_minifort
Temple:   hellmonk_temple_divided_pantheon
Lair:1:   minmay_lair_oklob_chamber, layout_chaotic_city,
          gammafunk_ghost_hydra_chop, uniq_nergalle
Lair:2:   layout_roguey, chequers_serial_rivers_room_b,
          chequers_serial_rivers_small_b
Lair:3:   layout_chaotic_city, nicolae_swamp_entry_splash_gauntlet,
          nicolae_spider_entry_orb_guardian, gauntlet_entry_generic,
          gammafunk_ghost_wrathful_warriors, hangedman_lair_generics_rect,
          lemuel_fruit_tree, uniq_amaemon
Gauntlet: gammafunk_gauntlet_shortcut [gammafunk_gauntlet_arena_mazey,
          gammafunk_gauntlet_arena_open, gammafunk_gauntlet_arena_teeth,
          gammafunk_gauntlet_arena_hedges, nicolae_gauntlet_arena_quarters,
          gammafunk_gauntlet_arena_spirals, gauntlet_exit_green]

Skill      XL: |  1  2  3  4  5  6  7  8  9 10 11 12 |
---------------+-------------------------------------+-----
Ranged Weapons | 5 6 7 9 11 13 15 16 | 16.7
Fighting       | 4 8 9 |  9.5
Shields        | 1 7 |  7.2
Dodging        | 3 |  3.6
Armour         | 3 |  3.6
Stealth        | |  1.2
Invocations    | |  0.1

Action                   |  1- 3 |  4- 6 |  7- 9 | 10-12 || total
-------------------------+-------+-------+-------+-------++-------
Melee: Unarmed           |       |     3 |       |       ||     3
 Fire: Shortbow          |    71 |   124 |    61 |       ||   256
       Hand crossbow     |       |       |   220 |   267 ||   487
       Heavy crossbow    |       |       |       |    30 ||    30
Invok: Divine Shield     |       |       |       |     2 ||     2
 Abil: Dig               |       |       |       |     4 ||     4
  Use: Potion            |       |     4 |     2 |     6 ||    12
       Scroll            |       |       |     5 |    15 ||    20
 Stab: Confused          |       |     1 |       |       ||     1
Armor: Leather armour    |     3 |    15 |    43 |     5 ||    66
       Steam dragon scal |       |       |       |    13 ||    13
Dodge: Dodged            |     9 |    26 |    78 |    64 ||   177
Block: Buckler           |       |     3 |    49 |    46 ||    98

Table legend: (Time is in decaauts)
 A = Elapsed time spent in this place.
 B = Non-inter-level travel time spent in this place.
 C = Inter-level travel time spent in this place.
 D = Time resting spent in this place.
 E = Time spent auto-exploring this place.
 F = Levels seen in this place.
 G = Mean time per level.
                   A        B        C        D        E       F      G
               +--------+--------+--------+--------+--------+-----+--------+
         Total |  12106 |  11333 |    773 |   1648 |   7455 |  16 |  756.6 |
       Dungeon |   8211 |   7582 |    629 |    411 |   5959 |   9 |  912.3 |
        Temple |     43 |      6 |     37 |      0 |      0 |   1 |   43.0 |
          Lair |   2466 |   2360 |    106 |    711 |   1389 |   3 |  822.0 |
       Ossuary |    296 |    296 |      0 |      0 |    107 |   1 |  296.0 |
        Bailey |    850 |    850 |      0 |    526 |      0 |   1 |  850.0 |
      Gauntlet |    238 |    238 |      0 |      0 |      0 |   1 |  238.0 |
               +--------+--------+--------+--------+--------+-----+--------+

Top non-repeatable levels by time:
     D:6: 1437 daAuts
  Lair:1: 1352 daAuts
     D:1: 1148 daAuts
     D:5: 1087 daAuts
  Lair:2: 1043 daAuts
     D:9: 1012 daAuts
     D:3: 897 daAuts
     D:4: 885 daAuts
  Bailey: 850 daAuts
     D:8: 638 daAuts
     D:7: 617 daAuts
     D:2: 487 daAuts
 Ossuary: 296 daAuts
Gauntlet: 238 daAuts
  Lair:3: 70 daAuts
